 Dungeon Crawl Stone Soup version 0.27-a0-802-gbe893936b8 (webtiles) character file.

Game seed: 6607636305228694816

18280 Bapho the Brawler (level 12, -1/115 HPs)
             Began as a Troll Monk on Mar 28, 2021.
             Was an Elder of Wu Jian.
             Slain by an orc warlord
             ... wielding a +3 war axe
              (23 damage)
             ... on level 2 of the Orcish Mines.
             The game lasted 00:28:50 (10260 turns).

Bapho the Brawler (Troll Monk)                     Turns: 10260, Time: 00:28:53

Health: -1/115     AC: 19    Str: 22    XL:     12   Next: 26%
Magic:  11/11      EV:  8    Int: 10    God:    Wu Jian [****..]
Gold:   589        SH:  0    Dex: 12    Spells: 11/11 levels left

rFire    + + .     SeeInvis .     - Unarmed
rCold    x . .     Faith    .   (no shield)
rNeg     . . .     Spirit   .   n - +0 fire dragon scales
rPois    .         Reflect  .   (helmet restricted)
rElec    .         Harm     .   I - +2 cloak {rCorr}
rCorr    +         Rampage  .   (gloves unavailable)
Will     .....                  (boots unavailable)
Stlth    ..........             p - amulet of the acrobat
HPRegen  1.29/turn              i - +4 ring of protection
MPRegen  0.12/turn              (no ring)

@: exhausted
A: large, unfitting armour, claws 3, regeneration 1, shaggy fur 1, tough skin 1
a: Renounce Religion, Wall Jump, Serpent's Lash


You were on level 2 of the Orcish Mines.
You worshipped Wu Jian.
Wu Jian was greatly pleased with you.
You visited 3 branches of the dungeon, and saw 14 of its levels.

You collected 757 gold pieces.
You spent 168 gold pieces at shops.

Inventory:

Hand Weapons
 c - a +2 glaive of flaming
Missiles
 h - 72 poisoned darts
 j - 241 stones (quivered)
 z - 7 javelins
Armour
 a - a +0 robe
 n - +0 fire dragon scales (worn)
 C - a +0 cloak
 I - a +2 cloak of preservation (worn)
Jewellery
 i - a +4 ring of protection (left claw)
 m - an amulet of magic regeneration
 p - an amulet of the acrobat (around neck)
Wands
 e - a wand of mindburst (14)
 y - a wand of digging (9)
 E - a wand of random effects (11)
 H - a wand of flame (16)
 J - a wand of acid (4)
Scrolls
 f - 4 scrolls of teleportation
 o - 2 scrolls of amnesia
 r - a scroll of enchant armour
 t - 2 scrolls of fog
 u - 2 scrolls of summoning
 v - a scroll of noise
 w - a scroll of blinking
 x - a scroll of silence
 B - 2 scrolls of enchant weapon
 F - a scroll of immolation
 G - 2 scrolls of identify
Potions
 b - 10 potions of curing
 d - 2 potions of degeneration
 g - 2 potions of brilliance
 k - a potion of attraction
 l - 3 potions of ambrosia
 q - 3 potions of flight
 s - 4 potions of magic
 A - a potion of haste
 D - a potion of mutation


   Skills:
 - Level 6.3 Fighting
 - Level 5.7 Armour
 - Level 2.4 Dodging
 - Level 1.0 Stealth
 - Level 15.6 Unarmed Combat
 + Level 5.6 Evocations


You had 11 spell levels left.
You didn't know any spells.
Your spell library contained the following spells:

 Spells                   Type           Power      Damage    Failure   Level
 Beastly Appendage        Tmut           0%         N/A       75%         1
 Magic Dart               Conj           0%         1d3       75%         1
 Shock                    Conj/Air       0%         1d3       75%         1
 Blink                    Tloc           N/A        N/A       86%         2
 Call Imp                 Summ           0%         N/A       86%         2
 Slow                     Hex            0%         N/A       86%         2
 Swiftness                Air            0%         N/A       86%         2
 Wereblood                Tmut           0%         N/A       86%         2
 Conjure Flame            Conj/Fire      0%         6-21      98%         3
 Gell's Gravitas          Tloc           0%         N/A       98%         3
 Lesser Beckoning         Tloc           0%         N/A       98%         3
 Mephitic Cloud           Conj/Pois/Air  0%         N/A       98%         3
 Spider Form              Tmut/Pois      0%         N/A       98%         3
 Static Discharge         Conj/Air       0%         N/A       98%         3
 Teleport Other           Tloc           0%         N/A       98%         3
 Airstrike                Air            0%         N/A       100%        4
 Ice Form                 Ice/Tmut       0%         N/A       100%        4
 Blade Hands              Tmut           0%         N/A       100%        5
 Lightning Bolt           Conj/Air       0%         1d11      100%        5
 Manifold Assault         Tloc           0%         N/A       100%        5


Dungeon Overview and Level Annotations

Branches:
Dungeon (11/15)            Temple (1/1) D:7            Lair (0/6) D:8
    Orc (2/2) D:11
    Elf: Orc:2

Altars:
Ashenzari
Cheibriados
Dithmenos
Elyvilon
Fedhas
Gozag
Hepliaklqana
Kikubaaqudgha
Makhleb
Nemelex Xobeh
Okawaru
Qazlal
Ru
Sif Muna
Trog
Uskayaw
Vehumet
Wu Jian
Xom
Yredelemnul
Zin
The Shining One

Shops:
D:5 ?

Annotations:
D:3 1 runed translucent door, Ghazghkull's ghost, amateur GrFi


Innate Abilities, Weirdness & Mutations

You are too large for most types of armour.
You have claws for hands.
Your natural rate of healing is unusually fast.
You are covered in fur. (AC +1)
You have tough skin. (AC +1)


Message History

The orc warrior barely misses you.
You see here a +0 giant club.
You spin and attack the orc warrior.
Your fire dragon scales prevents you from hitting the orc warrior.
The orc warrior is lightly wounded.
Aiming: Wall Jump
Press: ? - help, Dir - move target Something hits you but does no damage.
The orc warrior hits you from afar with a +0 glaive!
You hear some strange, mumbled words.
A puff of flame appears from out of thin air!
The puff of flame hits you but does no damage.
You mangle something!! The Council accepts your kill.
Reactivating autopickup.
You feel a bit more experienced.
The orc warrior hits you from afar with a +0 glaive!
The orc warlord hits you with a +3 war axe!!
The orc warrior hits you but does no damage.
Okay, then.
You are too exhausted to lash out.
Aiming: Wall Jump
Press: ? - help, Dir - move target You repeatedly attack the orc warlord from above.
You claw the orc warlord!
The orc warlord is moderately wounded.
You claw the orc warlord!
The orc warlord is heavily wounded.
You repeatedly attack the orc warrior from above.
You closely miss the orc warrior.
The orc warrior is heavily wounded.
You barely miss the orc warrior.
The orc warrior is heavily wounded.
You eviscerate the orc warrior!!!
You kill the orc warrior!
The Council accepts your kill.
The orc warrior hits you from afar with a +0 glaive!!
* * * LOW HITPOINT WARNING * * *
The orc warlord hits you with a +3 war axe!!
You die...

........## #........## #
#.........##.## #.
#.............# ##.##
#.........##.## #....
#.###........#
.....#####.#...)....##
.......#.#°o...##)###
^........#@○o####...##
.........°°○.###.....##
..........)..##...o...#
.............###..o..#####
..............###...###..#.
...#.........######o##.....
..#.##......####...oooo....
## #.....## #.....o)..#.#
#...... #.......(#.#


You could see an orc warlord and an orc warrior (strong).

Vanquished Creatures
  An orc warlord (D:11)
  A centaur warrior (D:8)
  A boulder beetle (D:11)
  5 two-headed ogres
  The ghost of Majang the Cleaver, a novice GrGl of Makhleb (D:8)
  Pikel (D:4)
  An orc sorcerer (Orc:2)
  A manticore (D:8)
  A gargoyle (D:10)
  Maggie (D:7)
  Psyche (D:8)
  A komodo dragon (D:11)
  4 trolls
  A slime creature (D:8)
  3 wyverns (D:8)
  20 yaks
  Grum (D:8)
  A basilisk (D:8)
  Menkaure (D:7)
  A warg (Orc:1)
  3 water moccasins (D:8)
  An ice beast (D:7)
  15 orc warriors
  A black bear (D:5)
  A necrophage (D:5)
  6 ogres
  2 wolves (D:8)
  3 centaurs
  A lemure (D:4)
  A gnoll sergeant (D:5)
  3 bullfrogs
  5 kobold brigands
  A wyvern zombie (D:8)
  5 scorpions
  A vampire bat (Orc:2)
  4 killer bees
  8 wights
  2 centaur zombies (D:9)
  A bullfrog zombie (D:5)
  7 orc priests
  An iguana (D:4)
  Jessica (D:3)
  12 orc wizards
  A hound skeleton (D:4)
  3 gnolls
  11 adders
  A howler monkey skeleton (D:5)
  A white imp (D:5)
  3 adder skeletons (D:4)
  2 dart slugs
  50 orcs
  2 ball pythons
  11 endoplasms
  3 giant cockroaches
  6 goblins
  10 hobgoblins
  9 jackals
  5 quokkas
  6 bats
  3 frilled lizards
  2 gnoll zombies (D:3)
  20 kobolds
  2 rats (D:1)
284 creatures vanquished.

Vanquished Creatures (others)
  A fungus (D:8)
  10 plants (D:8)
11 creatures vanquished.

Grand Total: 295 creatures vanquished

Notes
Turn   | Place    | Note
-------+----------+-------------------------------------------
     0 | D:1      | Bapho the Troll Monk began the quest for the Orb.
     0 | D:1      | Reached XP level 1. HP: 22/22 MP: 0/0
    73 | D:1      | Reached XP level 2. HP: 29/29 MP: 1/1
   179 | D:1      | Reached skill level 4 in Unarmed Combat
   460 | D:2      | Reached XP level 3. HP: 36/36 MP: 2/2
   837 | D:2      | Found a shadowy altar of Dithmenos.
  1024 | D:2      | Reached XP level 4. HP: 44/44 MP: 3/3
  1234 | D:3      | Noticed Jessica
  1250 | D:3      | Killed Jessica
  1251 | D:3      | Reached skill level 5 in Unarmed Combat
  1341 | D:3      | Noticed Ghazghkull's ghost (amateur GrFi)
  1348 | D:3      | Found a runed translucent door.
  1641 | D:3      | Found a basalt altar of Yredelemnul.
  1942 | D:3      | Found a hide-covered altar of Uskayaw.
  1942 | D:3      | Found an ancient bone altar of Kikubaaqudgha.
  2204 | D:4      | Found Zin's Purification Station.
  2211 | D:4      | Found a glowing silver altar of Zin.
  2214 | D:4      | Bought a potion of curing for 90 gold pieces
  2242 | D:4      | Reached XP level 5. HP: 47/50 MP: 4/4
  2251 | D:4      | Reached skill level 6 in Unarmed Combat
  2420 | D:4      | Identified a scroll of acquirement
  2420 | D:4      | Acquired +0 fire dragon scales
  2479 | D:4      | Reached XP level 6. HP: 59/59 MP: 5/5
  2576 | D:4      | Found the +10 zealot's sword {holy, *Rage rN+ EV+3}
  2604 | D:4      | Reached skill level 7 in Unarmed Combat
  2673 | D:4      | Noticed Pikel
  2690 | D:4      | Killed Pikel
  2691 | D:4      | Reached skill level 9 in Unarmed Combat
  2691 | D:4      | Reached XP level 7. HP: 27/66 MP: 6/6
  2959 | D:5      | Entered Level 5 of the Dungeon
  3070 | D:5      | Reached XP level 8. HP: 73/74 MP: 7/7
  3181 | D:5      | Reached skill level 10 in Unarmed Combat
  3216 | D:5      | Found a broken altar of Ashenzari.
  3440 | D:5      | Reached skill level 11 in Unarmed Combat
  3496 | D:5      | Found Ejot Pausu's Magic Scroll Shop.
  3500 | D:5      | Bought a scroll of identify for 26 gold pieces
  3500 | D:5      | Bought a scroll of identify for 26 gold pieces
  3500 | D:5      | Bought a scroll of identify for 26 gold pieces
  4184 | D:6      | Reached XP level 9. HP: 80/80 MP: 8/8
  4621 | D:7      | Reached skill level 12 in Unarmed Combat
  4763 | D:7      | Found a white marble altar of Elyvilon.
  4831 | D:7      | Noticed Maggie
  4838 | D:7      | Killed Maggie
  4969 | D:7      | Noticed Menkaure
  4976 | D:7      | Killed Menkaure
  5010 | D:7      | Found a staircase to the Ecumenical Temple.
  5016 | Temple   | Entered the Ecumenical Temple
  5134 | Temple   | Became a worshipper of the Wu Jian Council
  5134 | Temple   | Reached * piety under Wu Jian
  5134 | Temple   | Reached ** piety under Wu Jian
  5431 | D:7      | Found an iron altar of Okawaru.
  5446 | D:7      | Found a hazy altar of Hepliaklqana.
  5446 | D:7      | Found a stormy altar of Qazlal.
  5452 | D:7      | Found a sparkling altar of Nemelex Xobeh.
  5561 | D:7      | Reached skill level 13 in Unarmed Combat
  5821 | D:8      | Noticed Psyche
  5835 | D:8      | Killed Psyche
  5836 | D:8      | Reached skill level 14 in Unarmed Combat
  5965 | D:8      | Noticed a two-headed ogre
  5982 | D:8      | Killed a two-headed ogre
  5983 | D:8      | Reached XP level 10. HP: 54/88 MP: 9/9
  6096 | D:8      | Noticed Grum
  6114 | D:8      | Killed Grum
  6149 | D:8      | Found a runed translucent gate.
  6149 | D:8      | Found a runed translucent gate.
  6149 | D:8      | Found a runed translucent gate.
  6168 | D:8      | Found an opulent altar of Gozag.
  6218 | D:8      | Found a staircase to the Lair.
  6224 | D:8      | Reached skill level 15 in Unarmed Combat
  6432 | D:8      | Noticed a centaur warrior
  6432 | D:8      | Noticed a manticore
  6432 | D:8      | Noticed Majang's ghost (novice GrGl)
  6543 | D:8      | Reached skill level 1 in Armour
  6815 | D:8      | Killed a manticore
  6821 | D:8      | Killed Majang's ghost
  6822 | D:8      | Reached XP level 11. HP: 84/98 MP: 10/10
  6825 | D:8      | Killed a centaur warrior
  6907 | D:9      | Noticed a two-headed ogre
  6917 | D:8      | Killed a two-headed ogre
  7051 | D:9      | Reached *** piety under Wu Jian
  7301 | D:9      | Reached skill level 5 in Fighting
  7349 | D:9      | Noticed a two-headed ogre
  7358 | D:9      | Killed a two-headed ogre
  7445 | D:9      | Found a sacrificial altar of Ru.
  7815 | D:9      | Noticed a two-headed ogre
  7823 | D:9      | Killed a two-headed ogre
  7824 | D:9      | Reached skill level 5 in Armour
  8262 | D:10     | Entered Level 10 of the Dungeon
  8364 | D:10     | Noticed a two-headed ogre
  8370 | D:10     | Killed a two-headed ogre
  9369 | D:11     | Reached skill level 1 in Evocations
  9401 | D:11     | Identified the +2 whip of the Crushed Deaths {drain, Str+6}
  9502 | D:11     | Found a staircase to the Orcish Mines.
  9556 | D:11     | Noticed a boulder beetle
  9564 | D:11     | Killed a boulder beetle
  9564 | D:11     | Reached **** piety under Wu Jian
  9644 | D:11     | Identified the -1 helmet of Free Expression {*Contam Will+
                  | Str+6}
  9775 | D:11     | Reached XP level 12. HP: 100/115 MP: 11/11
  9805 | D:11     | Identified the +5 dagger "Xocou" {vorpal, rElec rF+}
  9887 | D:11     | Acquired a +2 cloak of preservation
  9924 | Orc:1    | Entered Level 1 of the Orcish Mines
  9942 | Orc:1    | Noticed an orc warlord
  9977 | D:11     | Killed an orc warlord
 10023 | Orc:1    | Reached skill level 5 in Evocations
 10118 | Orc:2    | Entered Level 2 of the Orcish Mines
 10188 | Orc:2    | Noticed an orc warlord
 10260 | Orc:2    | Slain by an orc warlord

Illustrated notes

Levels and vault maps discovered:
D:1:      ebering_hopf_link, layout_basic
D:2:      layout_loops_ring, grunt_dithmenos_smoke, minmay_misc_feat_alley
D:3:      layout_loops_corners, lemuel_zombie_altar_yredelemnul,
          gammafunk_temple_overflow_elements, hellmonk_ghost_happy_afterlife,
          uniq_jessica
D:4:      layout_cave_pools, zin_purify, uniq_pikel
D:5:      layout_cave_pools, serial_shops, nicolae_shop_behind_doors,
          chequers_serial_rivers_micro_d, nicolae_ashenzari_panopticon
D:6:      layout_loops_ring
D:7:      layout_basic, elyvilon_altar_1, grunt_temple_overflow_open,
          minmay_temple_entry_drinking_statues, minivault_27, uniq_maggie,
          uniq_menkaure
D:8:      layout_loops_ring, minmay_lair_entry_grove, ebering_ghost_gozag,
          uniq_psyche, uniq_grum
D:9:      layout_basic, overflow_temple_1_default, small_chamber_with_monster,
          corexii_hall_statues_l
D:10:     layout_stronghold, kennysheep_nub
D:11:     layout_roguey, david_orc_2
Temple:   minmay_temple_curvy_loop
Orc:1:    layout_caves, enter_bailey_6, basic_altar
Orc:2:    grunt_orc_community_town_hall, layout_diamond_mine,
          grunt_orc_community_big_house_1, grunt_orc_community_big_house_1,
          grunt_orc_community_house_3, grunt_orc_community_house_2,
          grunt_orc_community_house_1, grunt_orc_community_house_2, basic_altar,
          portal_ice_cave_demonic_guard, roderic_batcave,
          nicolae_orc_flooded_monolith, minmay_orc_temple_a

Skill      XL: |  1  2  3  4  5  6  7  8  9 10 11 12 |
---------------+-------------------------------------+-----
Unarmed Combat | 4 5 6 9 11 14 15 | 15.6
Armour         | 2 5 |  5.7
Fighting       | 3 6 |  6.3
Evocations     | 3 5 |  5.6
Dodging        | |  2.4
Stealth        | |  1.0

Action                   |  1- 3 |  4- 6 |  7- 9 | 10-12 || total
-------------------------+-------+-------+-------+-------++-------
Melee: Unarmed           |    94 |   125 |   197 |   423 ||   839
       Punch             |     2 |     4 |     9 |    35 ||    50
Throw: Stone             |    30 |    90 |   106 |   124 ||   350
Invok: Whirlwind         |       |       |     6 |    32 ||    38
       Lunge             |       |       |     2 |    22 ||    24
       Serpent's Lash    |       |       |       |     4 ||     4
 Abil: Wall Jump         |       |       |     3 |     5 ||     8
  Use: Scroll            |       |     4 |    11 |     8 ||    23
       Potion            |       |       |     1 |     3 ||     4
 Stab: Sleeping          |     5 |       |       |       ||     5
Armor: Robe              |    45 |    19 |       |       ||    64
       Fire dragon scale |       |    39 |    57 |   140 ||   236
       Skin              |       |       |     2 |     3 ||     5
Dodge: Dodged            |    54 |    38 |    66 |   118 ||   276

Table legend: (Time is in decaauts)
 A = Elapsed time spent in this place.
 B = Non-inter-level travel time spent in this place.
 C = Inter-level travel time spent in this place.
 D = Time resting spent in this place.
 E = Time spent auto-exploring this place.
 F = Levels seen in this place.
 G = Mean time per level.
                   A        B        C        D        E       F      G
               +--------+--------+--------+--------+--------+-----+--------+
         Total |  10148 |   9839 |    309 |    248 |   7858 |  14 |  724.9 |
       Dungeon |   9620 |   9347 |    273 |    217 |   7540 |  11 |  874.5 |
        Temple |    245 |    221 |     24 |      0 |    211 |   1 |  245.0 |
  Orcish Mines |    283 |    273 |     10 |     31 |    107 |   2 |  141.5 |
               +--------+--------+--------+--------+--------+-----+--------+

Top non-repeatable levels by time:
     D:9: 1206 daAuts
     D:8: 1176 daAuts
     D:3: 1048 daAuts
    D:10: 1025 daAuts
     D:7: 1023 daAuts
     D:5: 933 daAuts
     D:4: 777 daAuts
     D:2: 745 daAuts
    D:11: 664 daAuts
     D:6: 614 daAuts
     D:1: 404 daAuts
  Temple: 245 daAuts
   Orc:1: 178 daAuts
   Orc:2: 104 daAuts
